Map: [TLMC20] Killer's Mile

Players

Vindicta - Winner!

  • Race: Terran Terran
  • League: Master
  • Spawn Location: 7:00

Astrea

  • Race: Protoss Protoss
  • League: Master
  • Spawn Location: 1:00

VOD

Have the link to the VOD?

Description

Time

  • Played on: April 28, 2025, 8:17 p.m.
  • Length: 9:21
Show
View Real Time Build Order
Export as new Build Order

Vindicta Terran - Winner!

Build Orders: Reaper Expand 

Get SALT Encoding   

  12  0:00  SCV  
  13  0:12  SCV  
  14  0:17  Supply Depot  
  14  0:24  SCV  
  15  0:38  SCV  
  15  0:39  Barracks  
  15  0:42  Refinery  
  16  0:50  SCV  
  17  1:02  SCV  
  18  1:14  SCV  
  19  1:26  Orbital Command  
  19  1:27  Reaper  
  20  1:43  Command Center  
  20  1:50  Supply Depot  
  20  1:54  SCV  
  21  1:59  Marine  
  22  2:06  SCV  
  23  2:10  Factory  
  23  2:18  SCV  
  23  2:19  Bunker  
  23  2:22  Marine  
  25  2:30  SCV  
  25  2:34  Refinery  
  26  2:40  Barracks Reactor  
  26  2:42  SCV  
  27  2:54  Hellion, SCV  
  27  2:55  Orbital Command  
  30  3:00  Starport  
  30  3:06  SCV  
  31  3:15  Widow Mine  
  31  3:16  Marine x2  
  35  3:20  SCV x2  
  37  3:27  Supply Depot  
  37  3:32  SCV  
  37  3:33  SCV  
  39  3:34  Marine x2  
  39  3:37  Medivac  
  39  3:40  Factory Tech Lab  
  43  3:45  SCV x2  
  43  3:52  Marine  
  43  3:53  Barracks  
  43  3:56  Marine  
  43  3:57  SCV  
  43  3:58  Siege Tank  
  43  4:00  SCV  
  49  4:04  Supply Depot  
  49  4:08  Starport Tech Lab  
  49  4:09  SCV  
  50  4:12  Marine, SCV  
  50  4:15  Barracks  
  52  4:19  Marine  
  52  4:21  SCV  
  54  4:25  SCV  
  54  4:30  Marine, Engineering Bay  
  56  4:32  Raven, Refinery  
  56  4:37  Supply Depot, SCV  
  60  4:45  SCV  
  60  4:48  Marine x2  
  62  4:53  Factory Reactor  
  62  4:56  Terran Infantry Weapons Level 1, Supply Depot  
  62  4:58  SCV  
  62  4:59  Marine  
  64  5:02  SCV  
  64  5:03  Refinery, Stimpack  
  65  5:07  Marine, Supply Depot  
  65  5:10  SCV  
  67  5:14  Combat Shield, SCV  
  68  5:23  Marauder  
  68  5:24  Barracks x2, Starport Reactor  
  68  5:26  Marine  
  71  5:29  Marine  
  71  5:31  Widow Mine  
  71  5:33  Widow Mine  
  76  5:42  Supply Depot  
  77  5:43  SCV x2  
  77  5:44  Marine  
  77  5:46  Marauder  
  77  5:47  Marauder  
  83  5:52  Widow Mine  
  83  5:53  Marine  
  86  6:00  Supply Depot  
  86  6:03  Marine  
  87  6:05  Medivac x2  
  87  6:06  Marine  
  87  6:08  Marine  
  87  6:10  Marine  
  92  6:11  Marine  
  92  6:16  Marine  
  94  6:18  Supply Depot  
  94  6:20  Widow Mine x2  
  94  6:21  Marine  
  94  6:24  Marine  
  100  6:27  Marauder  
  100  6:31  Marine x2  
  104  6:35  Medivac x2  
  104  6:38  Concussive Shells  
  108  6:42  Widow Mine  
  108  6:43  Marauder  
  108  6:44  Marine x2  
  114  6:49  Marine  
  114  6:52  Supply Depot  
  114  6:53  Marine, Supply Depot  
  118  6:55  Terran Infantry Armor Level 1  
  118  6:57  Widow Mine  
  118  7:02  Marine x2, Marauder  
  118  7:08  Widow Mine  
  124  7:13  Marine  
  124  7:14  Marauder  
  123  7:17  Medivac  
  116  7:24  Marine  
  116  7:25  Marine, Marauder  
  116  7:26  Marine  
  110  7:31  Marine  
  110  7:35  Marauder  
  110  7:42  Marine x2  
  110  7:43  Viking  
  112  7:44  Marine  
  112  7:46  Marauder  
  112  7:47  Viking  
  112  7:49  Marine  
  118  7:57  Marauder  
  104  8:06  Marine  
  104  8:07  Marauder  
  104  8:11  Marine  
  98  8:14  Marine x2  
  98  8:16  SCV  
  98  8:18  Marauder  
  101  8:20  Widow Mine  
  101  8:24  Marine  
  100  8:29  Marine, Marauder  
  100  8:30  Widow Mine  
  100  8:32  Marine x2  
  102  8:40  Marauder  
  102  8:41  SCV  
  111  8:42  Marine  
  111  8:47  Marine  
  110  8:50  Marine x3  
  112  9:00  Marine  
Show
View Real Time Build Order
Export as new Build Order

Astrea Protoss 

Build Orders: 1 Gate Expand, Phoenix Opening, Blink Stalkers, Colossus Rush 

Get SALT Encoding   

  12  0:00  Probe  
  13  0:12  Probe  
  14  0:18  Pylon  
  14  0:24  Probe  
  15  0:32  Probe  
  15  0:37  Gateway  
  15  0:40  Probe  
  16  0:46  Assimilator  
  17  0:51  Probe  
  18  1:03  Probe  
  19  1:15  Probe  
  20  1:23  Nexus  
  20  1:32  Cybernetics Core  
  20  1:35  Probe  
  21  1:40  Assimilator  
  21  1:47  Probe  
  21  1:51  Pylon  
  22  1:57  Stalker  
  22  1:59  Probe  
  23  2:07  Probe  
  23  2:09  Warp Gate  
  23  2:15  Probe  
  26  2:22  Adept  
  27  2:24  Twilight Council  
  27  2:25  Probe  
  28  2:35  Probe  
  31  2:39  Probe  
  31  2:40  Blink  
  32  2:47  Probe  
  33  2:51  Probe  
  34  2:59  Probe  
  34  3:03  Probe  
  34  3:04  Gateway  
  36  3:11  Probe  
  37  3:15  Sentry  
  37  3:19  Probe  
  40  3:24  Probe  
  40  3:25  Phoenix  
  41  3:33  Probe  
  42  3:35  Nexus  
  42  3:37  Pylon  
  42  3:41  Probe  
  43  3:46  Probe  
  42  3:53  Probe  
  43  3:59  Probe, Stalker x2  
  48  4:02  Robotics Facility  
  48  4:05  Probe  
  48  4:07  Phoenix, Pylon  
  49  4:11  Probe  
  49  4:16  Assimilator  
  50  4:17  Probe  
  50  4:19  Assimilator  
  50  4:23  Probe  
  52  4:29  Probe  
  52  4:30  Stalker x2  
  57  4:35  Probe  
  58  4:41  Probe  
  58  4:42  Pylon  
  59  4:45  Observer  
  59  4:47  Probe  
  59  4:49  Probe  
  59  4:50  Robotics Bay  
  62  4:53  Probe  
  62  4:54  Pylon  
  62  4:56  Immortal  
  62  4:59  Probe  
  64  5:01  Probe  
  64  5:05  Probe, Charge  
  66  5:11  Probe  
  71  5:14  Probe  
  71  5:17  Probe  
  71  5:20  Gateway  
  73  5:21  Colossus  
  73  5:23  Gateway, Probe  
  73  5:24  Gateway  
  73  5:28  Pylon  
  74  5:31  Probe x2  
  76  5:38  Observer  
  82  5:44  Extended Thermal Lance  
  82  5:50  Forge  
  82  5:51  Gateway  
  82  5:54  Probe x2  
  84  6:01  Pylon  
  84  6:05  Stalker x2  
  84  6:09  Probe  
  84  6:10  Probe  
  88  6:11  Observer  
  88  6:15  Probe, Protoss Ground Weapons Level 1  
  88  6:16  Colossus  
  95  6:21  Probe  
  95  6:22  Stalker x2  
  95  6:25  Probe  
  98  6:31  Zealot x3  
  104  6:34  Probe  
  104  6:35  Probe  
  104  6:39  Probe, Pylon  
  107  6:44  Pylon  
  107  6:47  Observer  
  107  6:48  Probe x2  
  107  6:49  Pylon  
  109  6:57  Zealot x4  
  117  7:03  Pylon, Zealot x2  
  121  7:20  Stalker x4  
  121  7:22  Probe  
  118  7:27  Zealot x2  
  117  7:35  Pylon  
  112  7:38  Pylon  
  112  7:40  Warp Prism  
  112  7:47  Nexus  
  114  7:54  Zealot x2  
  98  8:07  Zealot x4  
  92  8:15  Stalker x2  
  78  8:29  Zealot x4  
  78  8:31  Zealot x4  
  80  8:41  Stalker x2  
  76  8:51  Stalker x4  
  76  8:59  Robotics Facility  
  76  9:01  Probe  
  51  9:07  Stalker x2  
Tags
 
Add a new tag
Caveats
  • Supply blocks, unpowered buildings, or Contaminate may cause inaccurate times.
  • Supply counts are checked every 10 seconds.